 Dungeon Crawl Stone Soup version 0.20.1-1-g8b1a95d (webtiles) character file.

214 Mitsuki the Digger (level 5, -5/28 HPs)
             Began as a Gargoyle Earth Elementalist on Sept 14, 2017.
             Slain by an ogre
             ... wielding a +0 giant club
              (22 damage)
             ... on level 4 of the Dungeon.
             The game lasted 00:09:18 (5495 turns).

Mitsuki the Digger (Gargoyle Earth Elementalist)    Turns: 5495, Time: 00:09:19

Health: -5/28      AC:  7    Str: 11    XL:     5   Next: 92%
Magic:  8/10       EV: 12    Int: 17    God:
Gold:   133        SH:  0    Dex: 10    Spells: 7/11 levels left

rFire    . . .     SeeInvis .   t - +0 quarterstaff
rCold    . . .     Gourm    .   (shield currently unavailable)
rNeg     + . .     Faith    .   c - +0 robe
rPois    ∞         Spirit   .   (no helmet)
rElec    +         Reflect  .   (no cloak)
rCorr    .         Harm     .   m - +0 pair of gloves
MR       .....                  (no boots)
Stlth    ++........             C - amulet of regeneration
Regen    0.5/turn               (no ring)
MPRegen  0.2/turn               (no ring)

@: no status effects
A: negative energy resistance 1, electricity resistance, unbreathing,
petrification resistance, rot immunity, AC +4
a: no special abilities


You were on level 4 of the Dungeon.
You were not hungry.

You visited 1 branch of the dungeon, and saw 4 of its levels.

You collected 133 gold pieces.

Inventory:

Hand Weapons
 t - a +0 quarterstaff (weapon)
Missiles
 b - 92 stones (quivered)
Armour
 c - a +0 robe (worn)
 m - a +0 pair of gloves (worn)
Jewellery
 p - a +6 ring of strength {unknown}
 v - an uncursed ring of ice {unknown}
 y - an uncursed ring of positive energy {unknown}
 C - an amulet of regeneration (around neck)
Wands
 z - a wand of confusion (11/48)
Scrolls
 a - 4 scrolls of identify {unknown}
 f - 7 scrolls of remove curse {unknown}
 h - a scroll of magic mapping {unknown}
 i - a scroll of blinking {unknown}
 k - a scroll of immolation {unknown}
 l - a scroll of amnesia {unknown}
 n - a scroll of enchant armour {unknown}
 w - 2 scrolls of fog {unknown}
Potions
 g - a potion of berserk rage {unknown}
 j - a potion of degeneration {unknown}
 o - 2 potions of curing {unknown}
 q - a potion of magic {unknown}
 s - a potion of brilliance {unknown}
 u - a potion of might {unknown}
 x - a potion of agility {unknown}
 B - a potion of haste {unknown}
Books
 e - a book of Geomancy

   Spells                             Type                      Level
   a - Sandblast                      Earth                        1
   b - Passwall                       Transmutation/Earth          2
   c - Stone Arrow                    Conjuration/Earth            3
   d - Petrify                        Transmutation/Earth          4
   e - Lee's Rapid Deconstruction     Earth                        5
Comestibles
 d - 3 bread rations
 r - 2 royal jellies
 A - 2 fruits


   Skills:
 - Level 1.5 Dodging
 - Level 2.1 Stealth
 + Level 3.7 Spellcasting
 + Level 2.3 Conjurations
   Level 0.7 Transmutations
 + Level 5.6 Earth Magic


You had 7 spell levels left.
You knew the following spells:

 Your Spells              Type           Power        Failure   Level  Hunger
a - Sandblast             Erth           ###...       1%          1    None
b - Stone Arrow           Conj/Erth      ###...       10%         3    ###....


Dungeon Overview and Level Annotations

Branches:
Dungeon (4/15)
 Temple: D:4-7

Altars:
Okawaru
Sif Muna


Innate Abilities, Weirdness & Mutations

You are resistant to torment.
Your stone body is resilient. (AC +4)
You are immune to poison.
You resist negative energy. (rN+)
You are resistant to electric shocks. (rElec)
You can survive without breathing.
You are immune to petrification.
You are immune to rotting.


Message History

Casting: Sandblast
Confirm with . or Enter, or press ? or * to list all spells.
Aiming: Sandblast
Press: ? - help, Shift-Dir - straight line, f - ogre
Aim: an ogre, wielding a giant club The blast of sand hits the ogre.
The ogre is lightly wounded.
b - 93 stones The ogre hits you with a giant club!
Casting: Sandblast
Confirm with . or Enter, or press ? or * to list all spells.
Aiming: Sandblast
Press: ? - help, Shift-Dir - straight line, f/p - ogre
Aim: an ogre, wielding a giant club (lightly wounded)
The blast of sand hits the ogre.
The ogre is heavily wounded.
b - 92 stones The ogre hits you with a giant club!!
Ouch! That really hurt!
You die...

#.##.#...#.###
#......#.....#
#.###....#.#.#
#..##.#.##.#.#
###..## #.##.#.#
..... #.##.#.# #.†#
#.##.#.#
#####..####.##.#.#
........O@...##.#.#
######..#######.#.#
#..# ##....# #..#
#.###.# ...# #.#
#.# ##.## #.###.#
#.# ##....# ##.###
##.#.# #.. ....#
#.#.#


You could see an ogre.

Vanquished Creatures
  A bullfrog (D:3)
  6 adders
  An ooze (D:2)
  3 worms
  3 dart slugs
  6 giant cockroaches
  10 goblins
  11 hobgoblins
  4 quokkas (D:2)
  A ball python (D:3)
  7 bats
  7 frilled lizards
  12 kobolds
  10 rats
82 creatures vanquished.

Notes
Turn   | Place    | Note
-------+----------+-------------------------------------------
     0 | D:1      | Mitsuki the Gargoyle Earth Elementalist began the quest for the Orb.
     0 | D:1      | Reached XP level 1. HP: 10/10 MP: 3/3
   684 | D:1      | Reached skill level 4 in Earth Magic
   684 | D:1      | Reached XP level 2. HP: 12/15 MP: 1/5
  1294 | D:1      | Reached XP level 3. HP: 7/19 MP: 4/6
  1299 | D:1      | Learned a level 3 spell: Stone Arrow
  2319 | D:2      | Reached skill level 1 in Conjurations
  2482 | D:2      | Reached XP level 4. HP: 12/24 MP: 4/8
  2760 | D:2      | Found a deep blue altar of Sif Muna.
  2761 | D:2      | Found an iron altar of Okawaru.
  3235 | D:2      | Reached skill level 5 in Earth Magic
  4706 | D:3      | Reached XP level 5. HP: 25/28 MP: 6/9
  5490 | D:4      | Noticed an ogre
  5495 | D:4      | Slain by an ogre

Skill      XL: |  1  2  3  4  5 |
---------------+----------------+-----
Earth Magic    | 4 5 |  5.6
Conjurations   | 1 2 |  2.3
Spellcasting   | 3 |  3.7
Dodging        | |  1.5
Stealth        | |  2.1
Transmutations | |  0.7

Action                   |  1- 3 |  4- 6 || total
-------------------------+-------+-------++-------
Melee: Unarmed           |    40 |       ||    40
       Club              |    76 |       ||    76
       Whip              |    79 |   123 ||   202
       Quarterstaff      |       |    58 ||    58
 Cast: Sandblast         |    18 |    19 ||    37
 Stab: Sleeping          |     6 |     2 ||     8
  Eat: Chunk             |     5 |    10 ||    15
Armor: Robe              |    73 |    82 ||   155
Dodge: Dodged            |   154 |   132 ||   286
